 Dungeon Crawl Stone Soup version 0.14-a0-2950-gbe29d66 (webtiles) character file.

110560 4tharraofdagon the Destroyer (level 16, 0/96 HPs)
             Began as a Demonspawn Fire Elementalist on Mar 1, 2014.
             Was the Champion of Sif Muna.
             Killed from afar by a spectral elf (33 damage)
             ... with a bolt of negative energy
             ... summoned by a deep elf death mage
             ... on Level 3 of the Elven Halls on Mar 4, 2014.
             The game lasted 02:01:59 (12319 turns).

4tharraofdagon the Destroyer (DsFE)                Turns: 12319, Time: 02:01:59

HP   0/96        AC 21     Str  9      XL: 16   Next:  3%
MP  23/35        EV 10     Int 23      God: Sif Muna [******]
Gold 1745        SH  9     Dex 14      Spells: 11 memorised,  6 levels left

rFire  + . .     SeeInvis .     Z - staff of conjuration
rCold  x . .     Clarity  +     N - +4 troll leather armour
rNeg   . . .     Conserve .     v - +0 elf buckler
rPois  .         rCorr    .     i - +1 hat
rElec  .         rRot     .     r - +0 cloak
SustAb . .       Spirit   .     j - +0 pair of gloves
rMut   .         Warding  .     m - +1 pair of elf boots {run}
Saprov . . .     Stasis   .     n - amulet of clarity
MR     ++...                    k - ring of protection from magic
                                K - ring of fire

@: repel missiles, quite poisoned, delayed fireball, heavily drained, quick,
very resistant to hostile enchantments, unstealthy
A: talons 2, iridescent scales 3, blurry vision 1, demonic guardian 2, powered
by pain 2, regeneration 1
a: Channel Energy, Forget Spell, Renounce Religion, Release Delayed Fireball


You were on level 3 of the Elven Halls.
You worshipped Sif Muna.
Sif Muna was exalted by your worship.
You were not hungry.

You visited 4 branches of the dungeon, and saw 27 of its levels.
You visited the Abyss 1 time.
You also visited: Volcano.

You collected 2342 gold pieces.
You spent 597 gold pieces at shops.

Inventory:

Armour
 i - a +1 hat (worn)
 j - a +0 pair of gloves (worn)
 m - a +1 pair of elven boots of running (worn)
 r - a +0 cloak (worn)
 v - a +0 elven buckler (worn)
 N - a +4 troll leather armour (worn)
Magical devices
 z - a wand of invisibility (5)
 B - a wand of cold (5)
 U - a wand of digging (12)
Comestibles
 c - 2 bread rations
Scrolls
 h - 4 scrolls of remove curse
 l - a scroll of recharging
 p - 7 scrolls of teleportation
 x - 3 scrolls of fog
 y - 2 scrolls of noise
 A - a scroll of enchant weapon II
 E - 4 scrolls of blinking
 G - 3 scrolls of amnesia
 H - a scroll of brand weapon
 L - a scroll of identify
Jewellery
 a - an uncursed ring of flight {unknown}
 k - a ring of protection from magic (right hand)
 n - an amulet of clarity (around neck)
 o - the ring "Mnepis" {+Blink +Fly}
   (You found it on level 8 of the Dungeon)

   [ring of flight]

   It lets you blink.
 q - an uncursed ring of protection from cold
 w - an uncursed ring of regeneration
 I - an uncursed amulet of resist corrosion
 K - a ring of fire (left hand)
 V - an uncursed ring of teleportation
Potions
 d - a potion of agility
 f - 2 potions of restore abilities
 g - 5 potions of curing
 s - a potion of magic
 t - 4 potions of resistance
 u - a potion of cure mutation
 C - a potion of flight
 F - a potion of mutation {unknown}
 M - 9 potions of heal wounds
 Q - 4 potions of might
 S - 2 potions of degeneration {unknown}
 W - 2 potions of speed
Books
 D - Sif Muna's Disquisition on Flamy Conjuration
   (Sif Muna gifted it to you on level 6 of the Lair of Beasts)

   Spells                             Type                      Level
   Shock                              Conjuration/Air              1
   Fire Brand                         Charms/Fire                  2
   Throw Flame                        Conjuration/Fire             2
   *Conjure Flame                     Conjuration/Fire             3
   Fire Storm                         Conjuration/Fire             9
 O - Sif Muna's Early Guide to Sorcery
   (Sif Muna gifted it to you on level 3 of the Elven Halls)

   Spells                             Type                      Level
   Airstrike                          Air                          4
   Enslavement                        Hexes                        4
   Animate Dead                       Necromancy                   4
   Control Undead                     Necromancy                   4
   Olgreb's Toxic Radiance            Poison                       4
   Alistair's Intoxication            Transmutation/Poison         4
 P - Sif Muna's Tome of Atheism
   (Sif Muna gifted it to you on level 3 of the Elven Halls)

   Spells                             Type                      Level
   Shock                              Conjuration/Air              1
   Searing Ray                        Conjuration                  2
   Venom Bolt                         Conjuration/Poison           5
   Conjure Ball Lightning             Conjuration/Air              6
   Iron Shot                          Conjuration/Earth            6
Magical staves
 Z - an uncursed staff of conjuration (weapon)
Miscellaneous
 J - a phial of floods
 X - a fan of gales
 Y - a fan of gales


   Skills:
 - Level 1.7(0.0) Dodging
 - Level 1.7(0.0) Stealth
 + Level 4.7(2.6) Shields
 + Level 11.9(9.4) Spellcasting
 * Level 16.3(13.5) Conjurations
 * Level 15.3(12.6) Fire Magic
 - Level 12.1(9.6) Invocations


You had 6 spell levels left.
You knew the following spells:

 Your Spells              Type           Power        Failure   Level  Hunger
a - Flame Tongue          Conj/Fire      #####        1%          1    None
b - Conjure Flame         Conj/Fire      ########     1%          3    None
c - Sticky Flame          Conj/Fire      ########     1%          4    ##.....
d - Fireball              Conj/Fire      ########..   1%          5    ####...
e - Iskenderun's Battles  Conj/Chrm      ######..     14%         5    ####...
f - Repel Missiles        Chrm/Air       ##....       12%         2    None
g - Delayed Fireball      Conj/Fire      N/A          28%         7    #######
h - Bolt of Fire          Conj/Fire      ########..   6%          6    ######.
i - Apportation           Tloc           ##........   10%         1    None
j - Blink                 Tloc           N/A          12%         2    None
k - Summon Butterflies    Summ           ##......     10%         1    None


Dungeon Overview and Level Annotations

Branches:
Dungeon (12/16)               Orc (4/4) D:11            Elf (3/3) Orc:3
   Lair (8/8) D:8           Swamp (0/5) Lair:5        Snake (0/5) Lair:4
 Temple: D:4-7        Slime: Lair:6-8

Altars:
Ashenzari
Dithmenos
Makhleb
Sif Muna
Zin
The Shining One

Shops:
Orc:4 :[!!   Elf:3 [

Annotations:
D:11 ORC
Lair:3 exclusion: oklob plant


Innate Abilities, Weirdness & Mutations

You have razor-sharp toenails.
You are completely covered in iridescent scales (AC +8).
A demonic guardian rushes to your aid.
You sometimes gain power by taking damage.
Your vision is a little blurry.
Your natural rate of healing is unusually fast.


Message History

The spectral elf gestures at you while chanting.
The bolt of negative energy hits the spectral elf.
The spectral elf completely resists.
The bolt of negative energy hits you!
You feel drained.
The spectral elf is engulfed in roaring flames.
The spectral elf hits you with a long sword of venom.
Unknown command.
You hit the spectral elf.
The spectral elf is lightly damaged.
You feel sick.
The spectral elf is engulfed in roaring flames.
The spectral elf hits you but does no damage.
You are more poisoned.
Unknown command.
You feel sick.
The spectral elf gestures at you while chanting.
The bolt of negative energy hits the spectral elf.
The spectral elf completely resists.
The bolt of negative energy hits you!
You feel drained.
You die...

#)|,** **,..####.......#
#%#** **#)#...........
#[#* ##.#...).......
#(=* #..'......⌠....
#?#* ##.#...........
#x### ###)#...........
#%))## ##)).#..........,
###W:###..######......,*
##[W(@3## ##....,**
###(### *##.*** ### ***


You could see 2 spectral elves and a friendly smoke demon.

Vanquished Creatures
  2 deep elf master archers (Elf:3)
  2 deep elf blademasters (Elf:3)
  9 deep elf sorcerers (Elf:3)
  Gastronok (Lair:2)
  Jorgrun (Elf:3)
  8 deep elf demonologists (Elf:3)
  9 deep elf annihilators
  3 deep elf death magi (Elf:3)
  3 deep elf high priests (Elf:3)
  3 ogre magi (Orc:4)
  8 hydras
  A catoblepas (Lair:8)
  4 deep elf knights
  An ice devil (Elf:3)
  An unseen horror (D:12)
  2 deep elf summoners
  4 deep elf conjurers
  3 hill giants
  2 lindwurms (Lair:8)
  A manticore (D:12)
  2 griffons
  2 black mambas (Lair:8)
  2 sixfirhies
  10 elephants
  A smoke demon (Orc:4)
  2 orange demons (Abyss:1)
  15 spiny frogs
  Psyche (Orc:4)
  6 fire drakes
  A mermaid (shapeshifter) (Elf:2)
  An ancient zyme (Abyss:1)
  5 komodo dragons
  A queen bee (D:12)
  3 deep elf priests
  A hellwing (Elf:3)
  4 giant leeches (Lair:8)
  4 trolls
  3 giant fireflies (Lair:8)
  13 blink frogs
  5 slime creatures (D:12)
  2 grizzly bears
  11 two-headed ogres (Orc:4)
  2 basilisks
  A flying skull (Volcano)
  2 vampires (Volcano)
  A redback (Elf:2)
  2 wyverns
  5 hippogriffs
  8 deep elf magi
  A steam dragon (Lair:8)
  4 sharks (Lair:7)
  A chaos spawn (Abyss:1)
  A wraith (D:10)
  Eustachio (D:7)
  35 yaks
  4 elephant slugs
  3 hungry ghosts
  4 hogs (D:12)
  7 deep elf fighters
  13 wolves
  3 nagas (Lair:4)
  A small abomination (Abyss:1)
  4 porcupines
  A sky beast (D:9)
  Purgy (D:3)
  2 swamp drakes (Lair:8)
  A human (D:12)
  3 black bears
  2 giant goldfish
  3 phantoms
  8 orc warriors
  22 ogres
  A centaur (D:8)
  5 boring beetles
  A lost soul (Elf:3)
  11 crocodiles
  13 giant slugs
  10 giant frogs
  Blork the orc (D:8)
  3 wargs
  4 brain worms (Lair:8)
  13 water moccasins
  An eye of draining (D:8)
  25 killer bees (D:12)
  8 wights
  5 electric eels
  2 quasits
  4 goliath beetles
  A black bear zombie (D:5)
  7 crimson imps
  4 jellies
  2 centaur zombies (D:11)
  11 orc priests
  4 big fish
  A scorpion (D:12)
  An iron imp (Abyss:2)
  12 hounds
  16 orc wizards
  8 worker ants
  9 iguanas
  9 sheep (Lair:8)
  A mottled dragon skeleton (D:10)
  16 adders
  64 green rats
  A giant mite (D:5)
  A goliath beetle zombie (D:9)
  2 white imps
  17 worms
  5 ufetubi
  3 giant eyeballs
  3 giant geckos
  95 orcs
  2 giant cockroaches
  9 hobgoblins
  17 jackals
  8 quokkas
  A ball python (D:3)
  7 bats
  A giant cockroach zombie (D:6)
  A giant gecko skeleton (D:7)
  A giant newt (D:2)
  A giant spore (D:8)
  A gnoll skeleton (D:4)
  7 goblins
  8 kobolds
  A kobold zombie (D:6)
  An orc zombie (D:6)
  14 rats
  2 ballistomycetes (D:8)
  2 fungi
  5 plants
798 creatures vanquished.

Vanquished Creatures (collateral kills)
  2 deep elf demonologists (Elf:3)
  A deep elf annihilator (Elf:3)
  2 deep elf death magi (Elf:3)
  A hydra (Lair:6)
  An ogre mage (Orc:4)
  An orc high priest (Elf:1)
  A deep elf conjurer (Elf:3)
  An orc sorcerer (Elf:1)
  An elephant (Lair:6)
  An orange demon (Elf:3)
  2 fire drakes
  2 two-headed ogres (Orc:4)
  A deep elf mage (Elf:2)
  A yak (Lair:8)
  A wolf (Lair:6)
  7 ogres
  2 crocodiles
  A giant frog (Lair:1)
  A green rat (Lair:2)
  A giant gecko (Lair:6)
  2 orcs (Elf:1)
  A bat (Lair:2)
34 creatures vanquished.

Vanquished Creatures (others)
  5 sun demons
  3 soul eaters
  An ice devil (Elf:3)
  4 sixfirhies
  5 smoke demons
  8 quasits
  10 crimson imps
  6 iron imps
  15 white imps
  10 ufetubi
  A plant (Lair:8)
68 creatures vanquished.

Grand Total: 900 creatures vanquished

Notes
Turn   | Place    | Note
--------------------------------------------------------------
     0 | D:1      | 4tharraofdagon, the Demonspawn Fire Elementalist, began the quest for the Orb.
     0 | D:1      | Reached XP level 1. HP: 13/13 MP: 3/3
   185 | D:3      | Gained mutation: You have sharp toenails. [demonic ancestry]
   185 | D:3      | Reached XP level 2. HP: 16/19 MP: 1/4
   223 | D:2      | Reached skill level 3 in Fire Magic
   423 | D:4      | Gained mutation: You are partially covered in iridescent scales (AC +4). [demonic ancestry]
   423 | D:4      | Reached XP level 3. HP: 20/24 MP: 1/6
   429 | D:4      | Learned a level 3 spell: Conjure Flame
   450 | D:4      | Found a shadowy altar of Dithmenos.
   453 | D:4      | Found a shattered altar of Ashenzari.
   463 | D:4      | Found a deep blue altar of Sif Muna.
   467 | D:4      | Found a burning altar of Makhleb.
   550 | D:4      | Gained mutation: You are mostly covered in iridescent scales (AC +6). [demonic ancestry]
   550 | D:4      | Reached XP level 4. HP: 21/30 MP: 0/8
   557 | D:4      | Learned a level 4 spell: Sticky Flame
   677 | D:4      | Became a worshipper of Sif Muna the Loreminder
   728 | D:3      | Noticed Purgy
   729 | D:3      | plz drop that hide
   742 | D:3      | Killed Purgy
   742 | D:3      | Reached skill level 4 in Fire Magic
   742 | D:3      | Gained mutation: You sometimes gain a little power by taking damage. [demonic ancestry]
   742 | D:3      | Reached XP level 5. HP: 35/35 MP: 6/10
   892 | D:4      | Noticed an ogre
   907 | D:4      | Killed an ogre
   907 | D:4      | Reached XP level 6. HP: 41/41 MP: 3/12
  1077 | D:5      | Entered Level 5 of the Dungeon
  1110 | D:5      | Acquired Sif Muna's first power
  1336 | D:5      | Reached skill level 1 in Invocations
  1372 | D:6      | Reached skill level 5 in Fire Magic
  1440 | D:6      | Found a glowing golden altar of the Shining One.
  1458 | D:5      | Reached XP level 7. HP: 46/46 MP: 8/15
  1617 | D:7      | Noticed Eustachio
  1625 | D:7      | Killed Eustachio
  1663 | D:7      | Reached skill level 5 in Conjurations
  1717 | D:7      | Gained mutation: You are completely covered in iridescent scales (AC +8). [demonic ancestry]
  1717 | D:7      | Reached XP level 8. HP: 47/52 MP: 12/18
  1743 | D:7      | Reached skill level 5 in Invocations
  1763 | D:7      | Acquired Sif Muna's second power
  1797 | D:7      | Reached skill level 6 in Invocations
  1858 | D:7      | Upgraded the game from 0.14-a0-2888-g61d0ccb to 0.14-a0-2910-g8a9724b
  1881 | D:7      | Identified a +1 rod of inaccuracy (11/11) (You found it on level 7 of the Dungeon)
  1903 | D:8      | Noticed Blork the orc
  1916 | D:8      | Killed Blork the orc
  2027 | D:8      | Paralysed by a giant eyeball for 4 turns
  2033 | D:8      | Paralysed by a giant eyeball for 4 turns
  2180 | D:7      | Reached skill level 7 in Invocations
  2320 | D:8      | Got a brightly glowing lead ring
  2323 | D:8      | Identified the ring "Mnepis" {+Blink +Fly} (You found it on level 8 of the Dungeon)
  2350 | D:8      | Got an aquamarine-studded plate armour
  2511 | D:9      | Reached skill level 5 in Spellcasting
  2511 | D:9      | Reached XP level 9. HP: 49/57 MP: 14/21
  2547 | D:8      | Reached skill level 8 in Invocations
  2628 | D:7      | You fall through a shaft!
  2638 | D:8      | Noticed a troll
  2663 | D:8      | Killed a troll
  2869 | D:9      | Noticed a troll
  2881 | D:9      | Killed a troll
  2881 | D:9      | Reached skill level 9 in Invocations
  2914 | D:10     | Entered Level 10 of the Dungeon
  3043 | D:10     | Noticed a hill giant
  3066 | D:10     | Killed a hill giant
  3066 | D:10     | Reached skill level 10 in Invocations
  3117 | D:10     | Paralysed by a giant eyeball for 2 turns
  3124 | D:10     | Paralysed by a giant eyeball for 3 turns
  3192 | D:11     | Gained mutation: You have razor-sharp toenails. [demonic ancestry]
  3192 | D:11     | Reached XP level 10. HP: 63/63 MP: 20/24
  3291 | D:11     | Noticed a hill giant
  3306 | D:11     | Acquired Sif Muna's third power
  3315 | D:11     | Killed a hill giant
  3646 | D:11     | Upgraded the game from 0.14-a0-2910-g8a9724b to 0.14-a0-2939-ge0b1554
  3700 | D:11     | Noticed a hill giant
  3712 | D:11     | Killed a hill giant
  3712 | D:11     | Reached skill level 11 in Invocations
  3871 | D:12     | Noticed an unseen horror
  3876 | D:12     | Killed an unseen horror
  3876 | D:12     | Reached skill level 12 in Invocations
  4065 | D:12     | Noticed a manticore
  4091 | D:12     | Learned a level 5 spell: Fireball
  4101 | D:12     | Killed a manticore
  4101 | D:12     | Reached XP level 11. HP: 47/68 MP: 21/26
  4675 | D:8      | Found a staircase to the Lair.
  4678 | D:8      | Received a gift from Sif Muna
  4680 | D:8      | Identified Sif Muna's Grimoire of Confrontation (Sif Muna gifted it to you on level 8 of the Dungeon)
  4735 | Lair:1   | Entered Level 1 of the Lair of Beasts
  4863 | Lair:2   | :(
  4875 | Lair:2   | Reached skill level 10 in Conjurations
  4949 | Lair:2   | Learned a level 5 spell: Iskenderun's Battlesphere
  5239 | Lair:1   | Received a gift from Sif Muna
  5239 | Lair:1   | Gained mutation: A weak demonic guardian rushes to your aid. [demonic ancestry]
  5239 | Lair:1   | Reached XP level 12. HP: 67/74 MP: 12/28
  5249 | Lair:1   | Reached skill level 10 in Fire Magic
  5270 | Lair:1   | Identified Sif Muna's Collected Works on Scorching Changing (Sif Muna gifted it to you on level 1 of the Lair of Beasts)
  5354 | Lair:2   | Noticed Gastronok
  5358 | Lair:2   | :(
  5367 | Lair:2   | Killed Gastronok
  5428 | Lair:2   | Noticed a five-headed hydra
  5439 | Lair:2   | Killed a five-headed hydra
  5528 | Lair:3   | Found a glowing silver altar of Zin.
  5671 | Lair:3   | Identified a scroll of acquirement
  5675 | Lair:3   | Identified a +1 pair of elven boots of running (You acquired it on level 3 of the Lair of Beasts)
  5693 | Lair:3   | Noticed a five-headed hydra
  5700 | Lair:3   | Killed a five-headed hydra
  5811 | Lair:3   | Found a dark tunnel.
  5836 | Volcano  | Entered a volcano
  6021 | Volcano  | WTF
  6139 | Lair:4   | Found a staircase to the Snake Pit.
  6167 | Lair:4   | Received a gift from Sif Muna
  6168 | Lair:4   | Identified Sif Muna's Incunabulum of Feathers (Sif Muna gifted it to you on level 4 of the Lair of Beasts)
  6173 | Lair:4   | :(
  6177 | Lair:4   | Learned a level 2 spell: Repel Missiles
  6367 | Lair:4   | Noticed a five-headed hydra
  6375 | Lair:4   | Killed a five-headed hydra
  6501 | Lair:6   | Noticed a six-headed hydra
  6515 | Lair:6   | Noticed a five-headed hydra
  6535 | Lair:6   | Killed a six-headed hydra
  6535 | Lair:6   | Reached XP level 13. HP: 50/79 MP: 30/30
  6715 | Lair:6   | Noticed a seven-headed hydra
  6720 | Lair:6   | Killed a seven-headed hydra
  6726 | Lair:6   | Noticed an eight-headed hydra
  6751 | Lair:6   | Killed an eight-headed hydra
  6953 | Lair:6   | Received a gift from Sif Muna
  6956 | Lair:6   | Identified Sif Muna's Disquisition on Flamy Conjuration (Sif Muna gifted it to you on level 6 of the Lair of Beasts)
  6958 | Lair:6   | Reached skill level 13 in Conjurations
  7508 | Lair:8   | Entered Level 8 of the Lair of Beasts
  7666 | Lair:8   | Killed a five-headed hydra
  7666 | Lair:8   | Reached skill level 10 in Spellcasting
  8338 | Lair:8   | Gained mutation: A demonic guardian rushes to your aid. [demonic ancestry]
  8338 | Lair:8   | Reached XP level 14. HP: 85/85 MP: 25/32
  8354 | Lair:8   | Reached skill level 14 in Conjurations
  8394 | Lair:8   | Received a gift from Sif Muna
  8427 | Lair:8   | Identified Iskenderun's Grimoire of Flamy Arcane Weapons (Sif Muna gifted it to you on level 8 of the Lair of Beasts)
  8436 | Lair:8   | Learned a level 7 spell: Delayed Fireball
  8443 | Lair:8   | Learned a level 6 spell: Bolt of Fire
  8803 | Lair:5   | Noticed a six-headed hydra
  8810 | Lair:5   | Killed a six-headed hydra
  8917 | Lair:5   | Found a staircase to the Swamp.
  9339 | D:11     | Found a staircase to the Orcish Mines.
  9431 | Orc:1    | Entered Level 1 of the Orcish Mines
  9934 | Orc:3    | Found a staircase to the Elven Halls.
 10103 | Orc:4    | Entered Level 4 of the Orcish Mines
 10206 | Orc:4    | Noticed Psyche
 10211 | Orc:4    | Killed Psyche
 10649 | Orc:4    | Found Clolleil's Distillery.
 10649 | Orc:4    | Found Dakled's Armour Boutique.
 10650 | Orc:4    | Found Imoi's Book Shoppe.
 10650 | Orc:4    | Found Bikiax's Distillery.
 10662 | Orc:4    | Bought a potion of heal wounds for 39 gold pieces
 10662 | Orc:4    | Bought a potion of heal wounds for 39 gold pieces
 10662 | Orc:4    | Bought a potion of heal wounds for 39 gold pieces
 10662 | Orc:4    | Bought 2 potions of heal wounds for 78 gold pieces
 10664 | Orc:4    | Bought a potion of heal wounds for 48 gold pieces
 10664 | Orc:4    | Bought a potion of speed for 112 gold pieces
 10664 | Orc:4    | Bought a potion of speed for 112 gold pieces
 10765 | Elf:1    | Entered Level 1 of the Elven Halls
 10810 | Elf:1    | Received a gift from Sif Muna
 11003 | Elf:2    | Gained mutation: Your vision is a little blurry. [mutagenic meat]
 11004 | Elf:2    | Gained mutation: Your natural rate of healing is unusually fast. [mutagenic meat]
 11195 | Elf:3    | Entered Level 3 of the Elven Halls
 11198 | Elf:3    | Found Seuh's Antique Armour Shoppe.
 11207 | Elf:3    | Bought a pair of runed orcish gloves for 130 gold pieces
 11218 | Elf:3    | Got a twisted leather armour
 11248 | Elf:3    | Identified the cursed -4 leather armour of Zoozyt {Str+3 Stlth-} (You found it on level 3 of the Elven Halls)
 11478 | Elf:3    | Reached skill level 1 in Shields
 11478 | Elf:3    | Reached skill level 15 in Conjurations
 11484 | Elf:3    | Noticed a deep elf sorcerer
 11491 | Elf:3    | Noticed a deep elf blademaster
 11497 | Elf:3    | Noticed a deep elf sorcerer
 11497 | Elf:3    | Noticed a deep elf sorcerer
 11497 | Elf:3    | Noticed a deep elf sorcerer
 11497 | Elf:3    | Noticed a deep elf master archer
 11497 | Elf:3    | Noticed a deep elf blademaster
 11497 | Elf:3    | Killed a deep elf blademaster
 11499 | Elf:3    | Noticed a deep elf sorcerer
 11510 | Elf:3    | Killed a deep elf blademaster
 11510 | Elf:3    | Reached XP level 15. HP: 90/90 MP: 21/33
 11511 | Elf:3    | Cast into the Abyss (deep elf sorcerer)
 11513 | Abyss:1  | Found a corrupted altar of Lugonu.
 11521 | Abyss:1  | Found a deep blue altar of Sif Muna.
 11552 | Abyss:1  | Noticed a bone dragon
 11660 | Abyss:1  | Noticed a profane servitor
 11673 | Abyss:2  | Found a corrupted altar of Lugonu.
 11691 | Abyss:2  | Found a corrupted altar of Lugonu.
 11716 | Elf:3    | Escaped the Abyss
 11718 | Elf:3    | Killed a deep elf sorcerer
 11718 | Elf:3    | Killed a deep elf sorcerer
 11718 | Elf:3    | Received a gift from Sif Muna
 11719 | Elf:3    | Killed a deep elf master archer
 11723 | Elf:3    | Killed a deep elf sorcerer
 11723 | Elf:3    | Killed a deep elf sorcerer
 11723 | Elf:3    | Killed a deep elf sorcerer
 11725 | Elf:3    | Identified Sif Muna's Early Guide to Sorcery (Sif Muna gifted it to you on level 3 of the Elven Halls)
 11768 | Elf:3    | Noticed a deep elf sorcerer
 11775 | Elf:3    | Noticed a deep elf master archer
 11778 | Elf:3    | Killed a deep elf master archer
 11779 | Elf:3    | Killed a deep elf sorcerer
 11809 | Elf:3    | Noticed an Executioner
 11815 | Elf:3    | Noticed an Ice Fiend
 11818 | Elf:3    | Noticed a deep elf sorcerer
 11819 | Elf:3    | Killed a deep elf sorcerer
 11946 | Elf:3    | Reached skill level 16 in Conjurations
 11946 | Elf:3    | Reached skill level 15 in Fire Magic
 12001 | Elf:3    | Noticed a deep elf sorcerer
 12007 | Elf:3    | Killed a deep elf sorcerer
 12020 | Elf:3    | Noticed Jorgrun
 12020 | Elf:3    | Received a gift from Sif Muna
 12021 | Elf:3    | Noticed a deep elf sorcerer
 12022 | Elf:3    | Noticed a Brimstone Fiend
 12028 | Elf:3    | Killed Jorgrun
 12030 | Elf:3    | Killed a deep elf sorcerer
 12059 | Elf:3    | Identified Sif Muna's Tome of Atheism (Sif Muna gifted it to you on level 3 of the Elven Halls)
 12064 | Elf:3    | Got an ichor-stained spear
 12100 | Elf:3    | Upgraded the game from 0.14-a0-2939-ge0b1554 to 0.14-a0-2950-gbe29d66
 12219 | Elf:3    | Gained mutation: You sometimes gain power by taking damage. [demonic ancestry]
 12219 | Elf:3    | Reached XP level 16. HP: 96/96 MP: 8/35
 12280 | Elf:3    | Identified the +6,+3 spear of Trog's Reproof {pierce, +Blink Stlth+} (You took it off a deep elf annihilator on level 3 of the Elven Halls)
 12283 | Elf:3    | Identified a +5 rod of destruction (14/14) (You took it off a deep elf knight on level 3 of the Elven Halls)
 12293 | Elf:3    | Learned a level 1 spell: Apportation
 12296 | Elf:3    | Learned a level 2 spell: Blink
 12298 | Elf:3    | Learned a level 1 spell: Summon Butterflies
 12319 | Elf:3    | Killed from afar by a spectral elf

Action                   |  1- 3 |  4- 6 |  7- 9 | 10-12 | 13-15 | 16-18 || total
-------------------------+-------+-------+-------+-------+-------+-------++-------
Melee: Short sword       |    20 |    12 |    19 |       |       |       ||    51
       Flail             |       |    39 |   121 |   231 |   666 |       ||  1057
       Staff             |       |       |       |       |    83 |     4 ||    87
Throw: Javelin           |       |     6 |     2 |       |       |       ||     8
 Cast: Flame Tongue      |    21 |    28 |    38 |    35 |    33 |       ||   155
       Conjure Flame     |     1 |     4 |    19 |    37 |    59 |     2 ||   122
       Sticky Flame      |       |     2 |    26 |    76 |   107 |     2 ||   213
       Fireball          |       |       |       |    87 |   144 |       ||   231
       Iskenderun's Batt |       |       |       |     3 |    12 |     1 ||    16
       Delayed Fireball  |       |       |       |       |     7 |       ||     7
       Bolt of Fire      |       |       |       |       |     4 |       ||     4
       Repel Missiles    |       |       |       |       |     1 |       ||     1
Invok: Channel Energy    |       |       |    16 |   141 |   199 |     6 ||   362
 Abil: Release Delayed F |       |       |       |       |     6 |       ||     6
Evoke: Wand              |       |       |     2 |     6 |     2 |       ||    10
  Use: Potion            |     1 |     1 |       |     3 |     7 |       ||    12
       Scroll            |       |     7 |     9 |    18 |    14 |       ||    48
 Stab: Sleeping          |     2 |       |       |     1 |     1 |       ||     4
       Distracted        |       |       |       |       |     1 |       ||     1
